 Dungeon Crawl Stone Soup version 0.22-a0-305-gd21a89c (webtiles) character file.

46 zero the Sneak (level 3, 0/16 HPs)
             Began as a Spriggan Enchanter on Mar 30, 2018.
             Slain by an orc
             ... wielding a +0 short sword
              (5 damage)
             ... on level 3 of the Dungeon.
             The game lasted 00:03:19 (2670 turns).

zero the Sneak (Spriggan Enchanter)                 Turns: 2670, Time: 00:03:20

Health: 0/16       AC:  2    Str:  4    XL:     3   Next: 44%
Magic:  2/8        EV: 18    Int: 16    God:
Gold:   54         SH:  0    Dex: 17    Spells: 1/7 levels left

rFire    . . .     SeeInvis +   a - +1 dagger
rCold    . . .     Gourm    .   (shield restricted)
rNeg     . . .     Faith    .   b - +0 robe
rPois    .         Spirit   .   (helmet restricted)
rElec    .         Reflect  .   (no cloak)
rCorr    .         Harm     .   (gloves unavailable)
MR       .....                  (boots unavailable)
Stlth    +++.......             (no amulet)
HPRegen  0.05/turn              (no ring)
MPRegen  0.11/turn              (no ring)

@: very quick
A: very small, unfitting armour, see invisible, herbivore, speed 3, slow
metabolism 2
a: no special abilities


You were on level 3 of the Dungeon.
You were not hungry.

You visited 1 branch of the dungeon, and saw 3 of its levels.

You collected 54 gold pieces.

Inventory:

Hand Weapons
 a - a +1 dagger (weapon)
Armour
 b - a +0 robe (worn)
Wands
 i - a wand of iceblast (7)
Scrolls
 e - 3 scrolls of teleportation {unknown}
 f - a scroll of amnesia {unknown}
 h - a scroll of fog {unknown}
 l - 3 scrolls of identify {unknown}
 n - a scroll of blinking {unknown}
Potions
 c - 2 potions of lignification {unknown}
 g - a potion of brilliance {unknown}
 j - a potion of haste {unknown}
 k - 3 potions of curing {unknown}
 m - a potion of agility {unknown}
Comestibles
 d - 4 rations


   Skills:
 + Level 2.5 Short Blades
 - Level 3.1 Dodging
 + Level 5.7 Stealth
 - Level 2.8 Spellcasting
 - Level 3.7 Hexes


You had one spell level left.
You knew the following spells:

 Your Spells              Type           Power        Failure   Level  Hunger
a - Corona                Hex            ##.....      4%          1    #......
b - Ensorcelled Hibernat  Hex/Ice        #.....       14%         2    ##.....
c - Confuse               Hex            ##......     12%         3    ###....


Dungeon Overview and Level Annotations

Branches:
Dungeon (3/15)

Altars:
Wu Jian

Annotations:
D:3 xccam's ghost, amateur FoFi


Innate Abilities, Weirdness & Mutations

You are very small and have problems with some larger weapons.
You are too small for most types of armour.
You have supernaturally acute eyesight. (SInv)
You are a herbivore.
You cover ground extremely quickly.
You need to consume almost no food.


Message History

There are monsters nearby!
A quokka comes into view.
Casting: Ensorcelled Hibernation (safe; 14% risk of failure)
Confirm with . or Enter, or press ? or * to list all spells.
Aiming: Confuse (safe; 12% risk of failure)
Press: ? - help, Shift-Dir - straight line, f - xccam's ghost
Aim: xccam's ghost (chance to defeat MR: 39%) Xccam's ghost resists with some effort.
Casting: Confuse (safe; 12% risk of failure)
Confirm with . or Enter, or press ? or * to list all spells.
Aiming: Confuse (safe; 12% risk of failure)
Press: ? - help, Shift-Dir - straight line, f/p - xccam's ghost
Aim: xccam's ghost (chance to defeat MR: 39%) Xccam's ghost resists with some effort.
Xccam's ghost hits you.
Casting: Confuse (safe; 12% risk of failure)
Confirm with . or Enter, or press ? or * to list all spells.
You don't have enough magic to cast that spell.
You hit xccam's ghost but do no damage. Xccam's ghost hits you!
The orc hits you with a short sword.
You die...

######.# #.# ...##.##
#.# ###.#...###.# ######
......#.....# ##....
###.......#####...##
#.#####.# ##.....## #.#
#.###.......### ###.#
#.........@W.r...#
###.#####.##.#..........
#.......##.##...%.....
#.########.######.....
#.# #.# #...# #.# #..
#.## #.# ### .# #.# #
#.#


You could see xccam's ghost, an orc and a quokka.

Vanquished Creatures
  An adder (D:2)
  A dart slug (D:1)
  4 bats (D:1)
  2 giant cockroaches (D:1)
  6 goblins
  6 hobgoblins
  6 kobolds
  2 frilled lizards
  3 rats
31 creatures vanquished.

Notes
Turn   | Place    | Note
-------+----------+-------------------------------------------
     0 | D:1      | zero the Spriggan Enchanter began the quest for the Orb.
     0 | D:1      | Reached XP level 1. HP: 9/9 MP: 5/5
   228 | D:1      | Reached XP level 2. HP: 4/13 MP: 6/6
   599 | D:1      | Learned a level 2 spell: Ensorcelled Hibernation
   684 | D:1      | Reached skill level 5 in Stealth
  1433 | D:1      | Reached XP level 3. HP: 16/16 MP: 8/8
  1438 | D:1      | Learned a level 3 spell: Confuse
  2524 | D:2      | Found an ornate altar of the Wu Jian Council.
  2664 | D:3      | Noticed xccam's ghost (amateur FoFi)
  2670 | D:3      | Slain by an orc

Vault maps used:
D:1:      nicolae_arrival_washed_ashore, corexii_item_surrounded_by_moat
D:2:      lemuel_doored_altar, palyth_stone_intersect
D:3:      minivault_5, kennysheep_boxes, uniq_grinder

Skill      XL: |  1  2 |
---------------+-------+-----
Stealth        | 5 |  5.7
Short Blades   | 2 |  2.5
Dodging        | |  3.1
Spellcasting   | |  2.8
Hexes          | |  3.7

Action                   || total
-------------------------++-------
Melee: Dagger            ||   126
 Cast: Ensorcelled Hiber ||     8
       Confuse           ||     2
 Stab: Sleeping          ||    13
Armor: Robe              ||    22
Dodge: Dodged            ||   108

Table legend:
 A = Spawn XP
 B = Non-spawn XP
 C = Spawn XP percentage of total XP
 D = Spawn monster count
 E = Non-spawn monster count
 F = Spawn count percentage of total count
 G = Total turns spent on level
                    A         B        C        D         E        F      G
               +---------+---------+-------+---------+---------+-------+---------
         Total |       0 |      66 |   0.0 |       0 |      31 |   0.0 |  2670
               +---------+---------+-------+---------+---------+-------+---------
           D:1 |       0 |      38 |   0.0 |       0 |      21 |   0.0 |  1570
           D:2 |       0 |      27 |   0.0 |       0 |       9 |   0.0 |  1000
           D:3 |       0 |       1 |   0.0 |       0 |       1 |   0.0 |   100
               +---------+---------+-------+---------+---------+-------+---------
